 Dungeon Crawl Stone Soup version 0.18.1-48-g4cf74bf (webtiles) character file.

126 Burgietje the Skirmisher (level 4, -2/42 HPs)
             Began as a Minotaur Fighter on Aug 26, 2016.
             Killed from afar by an orc wizard (4 damage)
             ... with a magic dart
             ... on level 3 of the Dungeon.
             The game lasted 00:03:32 (1858 turns).

Burgietje the Skirmisher (Minotaur Fighter)         Turns: 1858, Time: 00:03:33

Health: -2/42      AC:  6    Str: 20    XL:     4   Next: 84%
Magic:  3/3        EV:  7    Int:  5    God:
Gold:   121        SH:  9    Dex: 11    Spells: 0 memorised, 3 levels left

rFire  . . .     SeeInvis .     a - +0 war axe
rCold  . . .     Gourm    .     b - +0 scale mail
rNeg   . . .     Faith    .     c - +0 shield
rPois  .         Spirit   .     (helmet restricted)
rElec  .         Dismiss  .     (no cloak)
rCorr  .         Reflect  .     (no gloves)
SustAt .         Harm     .     (no boots)
MR     .....                    (no amulet)
Stlth  ..........               (no ring)
                                (no ring)

@: not resistant to hostile enchantments, extremely unstealthy
A: retaliatory headbutt, horns 2
a: no special abilities


You were on level 3 of the Dungeon.
You were not hungry.

You visited 1 branch of the dungeon, and saw 3 of its levels.

You collected 121 gold pieces.

Inventory:

Hand Weapons
 a - a +0 war axe (weapon)
Armour
 b - a +0 scale mail (worn)
 c - a +0 shield (worn)
 m - a +0 pair of gloves
Jewellery
 s - an uncursed ring of sustain attributes {unknown}
Scrolls
 e - 4 scrolls of identify {unknown}
 h - 3 scrolls of teleportation {unknown}
 k - 3 scrolls of recharging {unknown}
 l - a scroll of noise {unknown}
 o - a scroll of fear {unknown}
 t - a scroll of magic mapping {unknown}
 u - a scroll of remove curse {unknown}
 w - a scroll of blinking {unknown}
Potions
 d - a potion of might
 g - a potion of brilliance {unknown}
 i - a potion of mutation {unknown}
 j - a potion of lignification {unknown}
 n - a potion of cure mutation {unknown}
 p - a potion of invisibility {unknown}
 q - a potion of heal wounds {unknown}
 r - a potion of magic {unknown}
 v - a potion of curing {unknown}
 x - a potion of cancellation {unknown}
Comestibles
 f - 3 bread rations


   Skills:
 + Level 5.4 Fighting
 + Level 4.6 Axes
 - Level 3.6 Armour
 - Level 3.6 Shields


You had 3 spell levels left.
You didn't know any spells.

Dungeon Overview and Level Annotations

Branches:
Dungeon (3/15)

Altars:
The Shining One


Innate Abilities, Weirdness & Mutations

You reflexively headbutt those who attack you in melee.
You have a pair of horns on your head.


Message History

You are too injured to fight recklessly!
Unknown command.
You are too injured to fight recklessly!
You barely miss something.
You hear some strange, mumbled words.
A puff of frost appears from out of thin air!
The puff of frost hits you!
* * * LOW HITPOINT WARNING * * *
The orc wizard hits you but does no damage.
Something hits you.
* * * LOW HITPOINT WARNING * * *
The orc wizard hits you but does no damage.
The orc wizard hits you but does no damage.
Something hits you.
* * * LOW HITPOINT WARNING * * *
Your shield and scale mail prevent you from hitting the orc wizard.
You closely miss something.
The orc wizard gestures at you while chanting.
The magic dart hits you!
You die...

#. # ##. #+ #. ..# #.#
##.##.## #.# #######
........ ... #.....#
.....# #.# #.#####
#..######.# #.#.#
#######..@......###.#.####
......†).o..............[.
###....#######.####......
###.(..#######...##......
.......)...............>##
####..#######....###.##...
##. ####.# #.##### #. #.#
#.# # #.# #.#####


You could see an orc wizard.

Vanquished Creatures
  An orc priest (D:3)
  3 adders
  A dart slug (D:3)
  2 giant geckos (D:1)
  6 orcs (D:3)
  2 giant cockroaches
  6 goblins
  9 hobgoblins
  6 jackals
  A quokka (D:3)
  3 ball pythons
  5 bats
  6 kobolds
  4 rats
55 creatures vanquished.

Notes
Turn   | Place    | Note
--------------------------------------------------------------
     0 | D:1      | Burgietje the Minotaur Fighter began the quest for the Orb.
     0 | D:1      | Reached XP level 1. HP: 19/19 MP: 0/0
   216 | D:1      | Reached skill level 4 in Fighting
   222 | D:1      | Reached XP level 2. HP: 25/27 MP: 1/1
   586 | D:1      | Reached XP level 3. HP: 34/34 MP: 2/2
  1283 | D:2      | Found a glowing golden altar of the Shining One.
  1423 | D:3      | Reached XP level 4. HP: 36/41 MP: 3/3
  1433 | D:3      | Reached skill level 5 in Fighting
  1857 | D:3      | HP: 2/42 [something (3)]
  1858 | D:3      | Killed from afar by an orc wizard

Skill      XL: |  1  2  3  4 |
---------------+-------------+-----
Fighting       | 4 5 |  5.4
Axes           | 3 4 |  4.6
Armour         | |  3.6
Shields        | |  3.6

Action                   |  1- 3 |  4- 6 || total
-------------------------+-------+-------++-------
Melee: War axe           |   103 |    36 ||   139
       Headbutt          |    15 |     5 ||    20
  Eat: Chunk             |     2 |     1 ||     3
Armor: Scale mail        |    43 |    18 ||    61
Dodge: Dodged            |    31 |    13 ||    44
Block: Shield            |    64 |    14 ||    78
